AoeStats
← frankthebest94

Black Forest

508340488Analyzed
3v3 RM · 11d ago on Sep 22, 2026· 78m 41s· 6 players
Game mode
Random Map
Map size
Normal (6 player)
Population
200
Speed
Normal
Resources
Standard
Victory
Conquest
Starting age
Dark Age
Ending age
Imperial Age
RankedLock teamsTeams togetherTeam positionsShared explorationLock speedFull tech treeHidden civsTurbo modeCheats
Victory
Defeat
🇺🇸 Khmer · United States
752
+13
🇺🇸 Persians · United States
696
+15
🇺🇸 Japanese · United States
650
+17
🇦🇷 Bohemians · Argentina
755
-18
🇦🇷 Teutons · Argentina
645
-14
🇦🇷 Byzantines · Argentina
620
-13
FuzzyOctopus7
0:28 Loom
11:34 Feudal Age
14:06 Double-Bit Axe
19:49 Bloodlines
27:50 Castle Age
32:14 Town Watch
33:09 Wheelbarrow
32:50 Bow Saw
32:24 Horse Collar
58:14 Imperial Age
63:42 Chemistry
63:13 Caravan
63:54 Elite Samurai
66:13 Kataparuto
69:09 Conscription
69:38 Fortified Wall
73:43 Pikeman
74:23 Squires
74:08 Arson
77:58 Halberdier
golden_crab
10:21 Feudal Age
11:50 Double-Bit Axe
14:08 Gold Mining
15:25 Horse Collar
20:08 Castle Age
19:46 Scale Barding Armor
20:32 Bloodlines
22:30 Husbandry
30:20 Gold Shaft Mining
37:16 Chain Barding Armor
40:21 Wheelbarrow
43:38 Imperial Age
42:38 Stone Mining
43:31 Caravan
45:26 Plate Barding Armor
46:14 Siege Engineers
47:37 Double Crossbow
48:33 Stone Shaft Mining
47:33 Cavalier
48:43 Fletching
48:18 Heavy Scorpion
50:44 Tusk Swords
53:48 Conscription
53:56 Forging
54:38 Bow Saw
55:27 Elite Battle Elephant
57:00 Iron Casting
59:10 Blast Furnace
58:55 Onager
60:44 Coinage
60:59 Hand Cart
62:17 Chemistry
63:11 Banking
frankthebest94
1:21 Loom
13:10 Feudal Age
13:34 Horse Collar
13:41 Double-Bit Axe
13:49 Gold Mining
19:35 Town Watch
19:52 Man-at-Arms
24:49 Arson
28:12 Forging
28:02 Scale Mail Armor
28:08 Scale Barding Armor
31:25 Castle Age
33:10 Bloodlines
33:01 Husbandry
34:16 Bow Saw
35:12 Iron Casting
36:31 Wheelbarrow
36:46 Caravan
39:38 Imperial Age
36:38 Long Swordsman
36:39 Pikeman
37:04 Gambesons
37:19 Squires
37:51 Heavy Plow
39:20 Stone Mining
40:08 Gold Shaft Mining
42:09 Two-Man Saw
41:41 Crop Rotation
40:42 Cavalier
45:16 Stone Shaft Mining
44:59 Chain Mail Armor
45:04 Chain Barding Armor
46:37 Chemistry
45:57 Ballistics
47:41 Heavy Scorpion
51:16 Blast Furnace
50:36 Chain Barding Armor
52:32 Elite War Elephant
55:35 Savar
59:51 Chain Barding Armor
60:02 Plate Mail Armor
69:02 Halberdier
70:20 Plate Barding Armor
69:36 Fletching
69:46 Padded Archer Armor
72:22 Fervor
72:27 Block Printing
72:13 Devotion
72:48 Theocracy
72:09 Herbal Medicine
76:29 Light Cavalry
76:30 Heavy Camel Rider
BalduinoH4
9:33 Loom
13:45 Feudal Age
18:35 Town Watch
21:11 Castle Age
20:09 Forging
21:21 Double-Bit Axe
31:32 Fervor
31:43 Sanctity
33:41 Pikeman
35:05 Redemption
38:08 Wheelbarrow
37:58 Ballistics
39:02 Scale Mail Armor
41:58 Chemistry
41:26 Bow Saw
44:21 Hand Cart
45:06 Murder Holes
45:35 Fletching
48:37 Horse Collar
53:41 Imperial Age
51:14 Town Patrol
54:59 Imperial Age
52:35 Bodkin Arrow
53:16 Iron Casting
52:57 Chain Mail Armor
52:27 Treadmill Crane
55:20 Husbandry
55:22 Squires
55:08 Arson
56:04 Siege Engineers
56:30 Conscription
58:33 Heavy Plow
59:33 Wagenburg Tactics
59:40 Hussite Reforms
59:07 Sappers
60:01 Heresy
60:17 Theocracy
59:37 Herbal Medicine
60:09 Illumination
59:44 Atonement
59:56 Halberdier
62:08 Devotion
62:27 Block Printing
62:08 Elite Skirmisher
64:37 Two-Man Saw
64:21 Light Cavalry
65:14 Caravan
65:44 Coinage
IlDuce.xX82
12:27 Feudal Age
10:45 Loom
14:20 Man-at-Arms
26:48 Castle Age
29:32 Double-Bit Axe
30:52 Wheelbarrow
33:58 Horse Collar
38:24 Hand Cart
38:33 Heavy Plow
39:33 Bow Saw
44:10 Imperial Age
42:24 Gold Mining
42:55 Forging
42:46 Scale Mail Armor
45:52 Crop Rotation
46:35 Elite Teutonic Knight
47:26 Pikeman
48:07 Squires
48:05 Halberdier
KaiserB
5:51 Loom
10:53 Feudal Age
14:12 Gold Mining
14:25 Padded Archer Armor
14:16 Fletching
15:02 Double-Bit Axe
23:24 Forging
23:15 Scale Mail Armor
22:59 Horse Collar
30:59 Castle Age
33:29 Wheelbarrow
32:15 Pikeman
35:35 Iron Casting
37:52 Bow Saw
37:45 Heavy Plow
47:20 Imperial Age
45:38 Hand Cart
48:26 Squires
48:43 Chain Mail Armor
50:44 Plate Mail Armor
55:19 Crop Rotation
56:56 Two-Man Saw
56:19 Fortified Wall
56:14 Caravan
56:41 Halberdier
59:03 Husbandry
62:07 Onager
63:29 Cavalier
76:12 Elite Skirmisher
Connection lost

Rejoining the realm…

Still unreachable

The connection could not be restored.

Session expired

The server has moved on; the page needs a fresh start.